 Dungeon Crawl Stone Soup version 0.26.1-2-gb8aa6d0cf2 (webtiles) character file.

Game seed: 14645991681775873611

81 DearestLeader the Thaumaturge (level 4, -7/32 HPs)
             Began as a Gnoll Wanderer on Mar 12, 2021.
             Shot with an arrow by a centaur (10 damage)
             ... on level 3 of the Dungeon.
             The game lasted 00:06:03 (3368 turns).

DearestLeader the Thaumaturge (Gnoll Wanderer)      Turns: 3368, Time: 00:06:04

Health: -7/32      AC:  7    Str: 13    XL:     4   Next: 42%
Magic:  12/15      EV: 10    Int: 14    God:
Gold:   198        SH:  0    Dex: 17    Spells: 15/21 levels left

rFire    . . .     SeeInvis .   u - +0 hunting sling
rCold    + . .     Faith    .   (no shield)
rNeg     . . .     Spirit   .   p - +0 ring mail
rPois    .         Reflect  .   (no helmet)
rElec    .         Harm     .   (no cloak)
rCorr    .         Rampage  .   x - +0 pair of gloves
Will     +....                  t - +0 pair of boots
Stlth    +.........             (no amulet)
HPRegen  0.10/turn              g - ring of protection from cold
MPRegen  0.14/turn              q - ring of willpower

@: no status effects
A: distributed training, fangs 1, strong nose
a: no special abilities


You were on level 3 of the Dungeon.
You visited 1 branch of the dungeon, and saw 3 of its levels.

You collected 198 gold pieces.

Inventory:

Hand Weapons
 a - a +0 dagger
 k - a +0 hand axe
 u - a +0 hunting sling (weapon)
Missiles
 v - 78 stones (quivered ammo)
Armour
 c - a +0 robe
 n - a +0 kite shield
 p - a +0 ring mail (worn)
 t - a +0 pair of boots (worn)
 x - a +0 pair of gloves (worn)
Jewellery
 g - a ring of protection from cold (left hand)
 q - a ring of willpower (right hand)
Scrolls
 d - 2 scrolls of fear {unknown}
 e - 3 scrolls of identify {unknown}
 f - a scroll of enchant armour {unknown}
 i - a scroll of immolation {unknown}
 m - 3 scrolls of amnesia {unknown}
 o - a scroll of noise {unknown}
 r - a scroll of magic mapping {unknown}
Potions
 b - a potion of berserk rage {unknown}
 h - a potion of magic {unknown}
 j - 2 potions of haste {unknown}
 l - 2 potions of heal wounds {unknown}
 s - 2 potions of curing {unknown}
 w - 2 potions of attraction {unknown}


   Skills:
 + Level 1.1 Fighting
 + Level 1.1 Short Blades
 + Level 1.1 Long Blades
 + Level 1.1 Axes
 + Level 1.1 Maces & Flails
 + Level 1.1 Polearms
 + Level 1.1 Staves
 + Level 1.1 Slings
 + Level 1.1 Bows
 + Level 1.1 Crossbows
 + Level 1.1 Throwing
 + Level 1.1 Armour
 + Level 1.1 Dodging
 + Level 1.1 Stealth
 + Level 1.1 Shields
 + Level 1.1 Unarmed Combat
 + Level 9.3 Spellcasting
 + Level 0.9 Conjurations
 + Level 0.9 Hexes
 + Level 5.4 Summonings
 + Level 0.9 Necromancy
 + Level 0.9 Translocations
 + Level 0.9 Transmutations
 + Level 2.2 Fire Magic
 + Level 0.9 Ice Magic
 + Level 0.9 Air Magic
 + Level 0.9 Earth Magic
 + Level 0.9 Poison Magic
 + Level 1.2 Invocations
 + Level 4.6 Evocations


You had 15 spell levels left.
You knew the following spells:

 Your Spells              Type           Power        Failure   Level
a - Magic Dart            Conj           36%          16%         1
b - Call Imp              Summ           21%          3%          2
c - Mephitic Cloud        Conj/Pois/Air  9%           43%         3

Your spell library contained the following spells:

 Spells                   Type           Power        Failure   Level
 Pain                     Necr           36%          16%         1
 Blink                    Tloc           N/A          24%         2
 Slow                     Hex            9%           24%         2
 Conjure Flame            Conj/Fire      11%          36%         3
 Vampiric Draining        Necr           4%           43%         3


Dungeon Overview and Level Annotations

Branches:
Dungeon (3/15)

Altars:


Innate Abilities, Weirdness & Mutations

Your experience applies equally to all skills.
You have very sharp teeth.
Your uncanny sense of smell can sniff out nearby items.


Message History

Casting: Call Imp (safe; 3% risk of failure)
Confirm with . or Enter, or press ? or * to list all spells.
A beastly little devil appears in a puff of frigid air.
The centaur shoots an arrow.
The arrow hits you.
The centaur shoots an arrow.
The arrow hits you.
The centaur shoots an arrow.
The arrow hits you!
* * * LOW HITPOINT WARNING * * *
You see here an arrow.
Unknown command.
Your white imp hits the centaur.
Your white imp freezes the centaur.
The centaur shoots an arrow.
The arrow hits your white imp!
Your white imp dies!
Things that are here:
3 arrows; a stone Unknown command.
Casting: Call Imp (safe; 3% risk of failure)
Confirm with . or Enter, or press ? or * to list all spells.
A beastly little devil appears in a puff of frigid air.
The centaur shoots an arrow.
The arrow hits you!
You die...

###########
#####.........
##.#.#.#.#<#.#.#(#
#.....5.(((c(.....
###.#.#.#@#(#.#.#.
#..................
#.#.#.#.#.#.#.#.#.#
#.############# ∆
#### #.# ...#####.#
...'....>########
...#####........<
...##############


You could see a centaur and a friendly white imp (summoned).

Vanquished Creatures
  An adder (D:2)
  An ooze (D:2)
  5 leopard geckos
  3 orcs (D:3)
  2 ball pythons (D:2)
  2 giant cockroaches
  4 goblins
  7 hobgoblins
  A quokka (D:2)
  8 bats
  6 frilled lizards
  A kobold (D:1)
  8 rats
49 creatures vanquished.

Vanquished Creatures (collateral kills)
  An adder (D:2)
  3 worms
4 creatures vanquished.

Vanquished Creatures (others)
  12 plants (D:2)
12 creatures vanquished.

Grand Total: 65 creatures vanquished

Notes
Turn   | Place    | Note
-------+----------+-------------------------------------------
     0 | D:1      | Reached skill level 9 in Spellcasting
     0 | D:1      | DearestLeader the Gnoll Wanderer began the quest for the
                  | Orb.
     0 | D:1      | DearestLeader set off with the following items: a +0
                  | dagger, a +0 robe; and the following spells available to
                  | memorise: Call Imp, Magic Dart, Pain, Blink, Slow, Conjure
                  | Flame, Mephitic Cloud, Vampiric Draining
     0 | D:1      | Reached XP level 1. HP: 13/13 MP: 10/10
     2 | D:1      | Learned a level 1 spell: Magic Dart
   301 | D:1      | Reached XP level 2. HP: 19/19 MP: 8/12
  1188 | D:2      | Reached XP level 3. HP: 4/25 MP: 1/13
  1542 | D:2      | Learned a level 2 spell: Call Imp
  1546 | D:2      | Learned a level 3 spell: Mephitic Cloud
  1565 | D:2      | Reached skill level 1 in Invocations
  2197 | D:2      | Reached skill level 1 in Fighting
  2197 | D:2      | Reached skill level 1 in Short Blades
  2197 | D:2      | Reached skill level 1 in Long Blades
  2197 | D:2      | Reached skill level 1 in Axes
  2197 | D:2      | Reached skill level 1 in Maces & Flails
  2197 | D:2      | Reached skill level 1 in Polearms
  2197 | D:2      | Reached skill level 1 in Staves
  2197 | D:2      | Reached skill level 1 in Slings
  2197 | D:2      | Reached skill level 1 in Bows
  2197 | D:2      | Reached skill level 1 in Crossbows
  2197 | D:2      | Reached skill level 1 in Throwing
  2197 | D:2      | Reached skill level 1 in Armour
  2197 | D:2      | Reached skill level 1 in Dodging
  2197 | D:2      | Reached skill level 1 in Stealth
  2197 | D:2      | Reached skill level 1 in Shields
  2197 | D:2      | Reached skill level 1 in Unarmed Combat
  2523 | D:2      | Reached XP level 4. HP: 32/32 MP: 15/15
  3359 | D:3      | Noticed a centaur
  3368 | D:3      | Shot with an arrow by a centaur

Illustrated notes

Levels and vault maps discovered:
D:1:      shiori_arrival_elements, layout_loops_ring, st_stairs_4,
          minmay_pentomino_w2
D:2:      layout_loops_ring, st_stairs_10, serial_bayou_lake_a
D:3:      minmay_roachtagon, layout_basic, st_stairs_13,
          chequers_serial_rivers_small_3

Skill      XL: |  1  2  3 |
---------------+----------+-----
Spellcasting   | |  9.3
Fire Magic     | 2 |  2.2
Invocations    | 1 |  1.2
Fighting       | 1 |  1.1
Short Blades   | 1 |  1.1
Long Blades    | 1 |  1.1
Axes           | 1 |  1.1
Maces & Flails | 1 |  1.1
Polearms       | 1 |  1.1
Staves         | 1 |  1.1
Slings         | 1 |  1.1
Bows           | 1 |  1.1
Crossbows      | 1 |  1.1
Throwing       | 1 |  1.1
Armour         | 1 |  1.1
Dodging        | 1 |  1.1
Stealth        | 1 |  1.1
Shields        | 1 |  1.1
Unarmed Combat | 1 |  1.1
Conjurations   | |  0.9
Hexes          | |  0.9
Summonings     | |  5.4
Necromancy     | |  0.9
Translocations | |  0.9
Transmutations | |  0.9
Ice Magic      | |  0.9
Air Magic      | |  0.9
Earth Magic    | |  0.9
Poison Magic   | |  0.9
Evocations     | |  4.6

Action                   |  1- 3 |  4- 6 || total
-------------------------+-------+-------++-------
Melee: Dagger            |    10 |       ||    10
       Bite              |     7 |       ||     7
       Hand axe          |    51 |       ||    51
 Fire: Hunting sling     |     6 |    62 ||    68
 Cast: Magic Dart        |    41 |       ||    41
       Call Imp          |     9 |     7 ||    16
 Stab: Sleeping          |     2 |       ||     2
Armor: Robe              |    23 |       ||    23
       Ring mail         |    10 |     9 ||    19
Dodge: Dodged            |    60 |    20 ||    80
